cohdb
Replays
Latest Replays
All Replays
Popular Replays
Top Player Replays
Match Explorer
How It Works
Community
CoH3 Stats
Reddit
Sign in to upload your games and track your stats! →
Sign in with Steam
Match 46725873
Unlisted
Match 46725873
Overview
Messages
Build Orders
End
Construct Barracks
Riflemen Squad
Riflemen Squad
Selects Special Operations Battlegroup
Selects Special Operations Battlegroup
Riflemen Squad
Riflemen Squad
Infantry Support Center
Selects Smoke Screen
Construct Motor Pool
Selects M29 Weasel with M1 Pack Howitzer
M29 Weasel with M1 Pack Howitzer
Construct Medical Station
M1 Anti-tank Gun Team
Construct Tank Depot
Riflemen Squad
M4A1 Sherman Medium Tank
Selects P-47 Anti-Infantry Loiter
Selects UNKNOWN (2162291)
Selects SSF Commando Squad
M1918 Browning Automatic Rifles
Riflemen Squad
Engineer Squad
Grenade Package
Mohamed Bouissef Rekab
Trickats
Thank You Chef
Kray-Tos
0
0
Comments
sign in to comment!
No comments posted yet!